 Dungeon Crawl Stone Soup version 0.30-a0-652-gcc886f7154 (webtiles) character file.

Game seed: 5072575416852549489

107 greynaab the Changer (level 4, 15/19 HPs)
             Began as a Felid Transmuter on Jan 17, 2023.
             Quit the game on level 5 of the Dungeon.
             The game lasted 00:13:28 (2643 turns).

greynaab the Changer (Felid Transmuter)             Turns: 2643, Time: 00:13:29

Health: 15/19      AC:  1    Str:  6    XL:     4   Next: 57%
Magic:  9/9        EV: 17    Int: 15    God:
Gold:   215        SH:  0    Dex: 18    Spells: 5/9 levels left
                                        Lives:  0   Deaths: 1

rFire   . . .      SeeInvis +      - Unarmed
rCold   . . .      Faith    .    (shield unavailable)
rNeg    . . .      Spirit   .    (body armour unavailable)
rPois   .          Reflect  .    (helmet unavailable)
rElec   .          Harm     .    (cloak unavailable)
rCorr   .          Rampage  .    (gloves unavailable)
Will    .....                    (boots unavailable)
Stlth   ++                       (no amulet)
HPRegen 0.23/turn                (no ring)
MPRegen 0.11/turn                (no ring)

@: quick
A: very small, claws 1, fangs 3, see invisible, speed 1, shaggy fur 1, stealthy
paws, no weapons or thrown items, no armour, multi-lived
a: no special abilities


You were on level 5 of the Dungeon.
You visited 1 branch of the dungeon, and saw 6 of its levels.

You collected 215 gold pieces.

Inventory:

Jewellery
 c - an amulet of reflection
Wands
 a - a wand of polymorph (13)
 m - a wand of quicksilver (8)
Scrolls
 d - 2 scrolls of blinking
 e - 2 scrolls of vulnerability {unknown}
 f - a scroll of poison
 g - 4 scrolls of amnesia
 j - a scroll of teleportation
 l - 2 scrolls of enchant weapon {unknown}
Potions
 b - a potion of curing
 i - 2 potions of might {unknown}
 k - 2 potions of flight {unknown}
 n - a potion of magic {unknown}
 o - a potion of haste {unknown}


   Skills:
 - Level 1.0 Fighting
 - Level 2.6 Dodging
 - Level 3.0 Unarmed Combat
 - Level 3.1 Spellcasting
 + Level 4.3 Transmutations
 * Level 2.9 Poison Magic


You had 5 spell levels left.
You knew the following spells:

 Your Spells              Type           Power      Damage    Failure   Level
a - Beastly Appendage     Tmut           30%        N/A       3%          1
b - Spider Form           Tmut/Pois      13%        N/A       14%         3

Your spell library contained the following spells:

 Spells                   Type           Power      Damage    Failure   Level
 Wereblood                Tmut           15%        N/A       5%          2
 Kiss of Death            Conj/Necr      8%         2d6       21%         1
 Magic Dart               Conj           8%         1d3       21%         1
 Shock                    Conj/Air       8%         1d3       21%         1
 Call Imp                 Summ           2%         N/A       30%         2
 Mephitic Cloud           Conj/Pois/Air  5%         N/A       36%         3
 Confusing Touch          Hex            2%         N/A       52%         3
 Kindle Blastsparks       Fire/Tloc/Air  4%         2d10      52%         3
 Swiftness                Air            2%         N/A       52%         3
 Ice Form                 Ice/Tmut       8%         N/A       63%         4
 Airstrike                Air            1%         2d(1-17)  89%         4
 Dispel Undead            Necr           2%         3d7       89%         4
 Fulminant Prism          Conj/Hex       1%         3d5       89%         4
 Iskenderun's Mystic Bla  Conj/Tloc      2%         2d3       89%         4
 Lee's Rapid Deconstruct  Erth           1%         3d4*      99%         5


Dungeon Overview and Level Annotations

Branches:
Dungeon (6/15) Zot: 26978
 Temple: D:4-7

Altars:
Kikubaaqudgha


Innate Abilities, Weirdness & Mutations

You have sharp claws.
You have razor-sharp teeth.
You have supernaturally acute eyesight. (SInv)
You cover ground quickly. (Speed+)
You are covered in fur. (AC +1)
Your paws help you pounce on unaware monsters.
You are incapable of wielding weapons or throwing items.
You cannot wear armour.
You gain extra lives every three experience levels.


Message History

A kobold comes into view. It is wielding a +0 short sword.
A kobold brigand comes into view.
It is wielding a +0 short sword and quivering poisoned darts.
The kobold brigand shouts!
The kobold shouts!
A kobold comes into view. It is wielding a +0 short sword.
The kobold brigand throws a poisoned dart.
The poisoned dart closely misses you.
Casting: Spider Form (extremely dangerous; 14% risk of failure)
Confirm with . or Enter, or press ? or * to list all spells.
Okay, then.
The kobold shouts!
You hear an angry hiss.
A kobold comes into view. It is wielding a +0 short sword.
The kobold shouts!
An adder comes into view.
A kobold comes into view. It is wielding a +0 dagger. x2
The kobold throws a stone.
The stone barely misses you.
The kobold shouts!
The kobold brigand throws a poisoned dart.
The poisoned dart barely misses you.
An adder comes into view.
The kobold shouts!
The kobold throws a stone.
The stone closely misses you.
A hound comes into view.
Found 4 gold pieces.
Found a stone staircase leading up.
The hound barks!
You hear a shout! x3; You hear an angry hiss.
An orc priest comes into view. It is wielding a +0 dagger.
The orc priest shouts!
The adder hisses angrily.
An orc comes into view. It is wielding a +0 club.
The adder attacks as you move away! The adder completely misses you.
An adder comes into view.
The hound bites you.
The adder moves out of view.
The hound attacks as you move away! The hound misses you.
The hound attacks as you move away! The hound closely misses you.
Found a stone staircase leading down.
The hound misses you.
The hound stops to sniff the ground.
The hound attacks as you move away! The hound barely misses you.
A gnoll sergeant comes into view. It is wielding a +2 spear of flaming.
The hound barely misses you. 3 gnolls and an orc come into view.
A gnoll is wielding a +2 heavy spear.
The gnoll sergeant shouts!
The gnoll shouts!
You hear an angry hiss.
Are you sure you want to abandon this character and quit the game? (Confirm with "yes".)

.....# #.## ....
.K...###..# .....
.........K### .....
.....##K.KK.### ...g..
......#..##..S## ......
....#.#..####.S###gg...#
.>.##.#..# ##...>.....#
#####..$S# ###h...g..#
###......# #@#.....#
##.###.##..# ....# .o..
..... .... #..##.......
.## ..##.o....## ..
.o...#.#... # ......##..
...... ...


You could see a gnoll sergeant, a hound, 3 gnolls, 2 adders and an orc.

Vanquished Creatures
  An orc wizard (D:6)
  Natasha (thrice) (D:3)
  3 adders (D:2)
  A worm (D:2)
  A dart slug (D:1)
  6 orcs
  7 ball pythons
  4 bats
  6 endoplasms
  5 giant cockroaches
  10 goblins
  4 hobgoblins
  A quokka (D:1)
  8 frilled lizards
  7 kobolds
  4 rats
71 creatures vanquished.

Notes
Turn   | Place    | Note
-------+----------+-------------------------------------------
     0 | D:1      | greynaab the Felid Transmuter began the quest for the Orb.
     0 | D:1      | Reached XP level 1. HP: 9/9 MP: 4/4
   147 | D:1      | Reached XP level 2. HP: 11/12 MP: 4/6
   407 | D:1      | Reached skill level 3 in Transmutations
   589 | D:1      | Reached XP level 3. HP: 13/15 MP: 6/8
  1071 | D:2      | Learned a level 3 spell: Spider Form
  1114 | D:2      | Found an ancient bone altar of Kikubaaqudgha.
  1188 | D:3      | Noticed Natasha
  1192 | D:3      | Killed Natasha
  1193 | D:3      | Reached skill level 1 in Poison Magic
  1193 | D:3      | Reached XP level 4. HP: 9/19 MP: 7/9
  1477 | D:3      | Noticed Natasha
  1720 | D:3      | Killed Natasha
  1890 | D:3      | Noticed Natasha
  1901 | D:3      | Killed Natasha
  1902 | D:3      | Reached XP level 5. HP: 22/22 MP: 10/10
  1983 | D:2      | Reached skill level 4 in Transmutations
  2544 | D:4      | You fall into a shaft and drop 2 floors!
  2598 | D:6      | Slain by an orc
  2599 | D:6      | Reached XP level 4. HP: -4/19 MP: 7/9
  2616 | D:5      | Entered Level 5 of the Dungeon
  2621 | D:5      | Noticed a kobold brigand
  2640 | D:5      | Noticed a gnoll sergeant
  2643 | D:5      | Quit the game

Illustrated notes

Levels and vault maps discovered:
D:1:      nzn_arrival_settlement, layout_basic, st_stairs_4, minmay_pentomino_p4
D:2:      layout_basic, basic_altar
D:3:      layout_basic, uniq_natasha
D:4:      nicolae_cairo_tiling_large, layout_basic,
          mainiacjoe_overflow_small_starburst, wad_woods_river_04,
          minmay_small_thing
D:5:      layout_rooms, minmay_temple_entry_waves, gup_sewer_entry_spiral,
          uniq_eustachio, uniq_menkaure, uniq_sigmund
D:6:      layout_basic, nicolae_grassy_gnolls

Skill      XL: |  1  2  3  4  5 |
---------------+----------------+-----
Transmutations | 3 4 |  4.3
Spellcasting   | 3 |  3.1
Poison Magic   | 1 2 |  2.9
Fighting       | |  1.0
Dodging        | |  2.6
Unarmed Combat | |  3.0

Action                   |  1- 3 |  4- 6 || total
-------------------------+-------+-------++-------
Melee: Unarmed           |    93 |    91 ||   184
       Bite              |     8 |     7 ||    15
       Headbutt          |    19 |    13 ||    32
       Punch             |     2 |     2 ||     4
 Cast: Beastly Appendage |    25 |    18 ||    43
       Spider Form       |       |     1 ||     1
  Use: Scroll            |     1 |     4 ||     5
       Potion            |       |     1 ||     1
 Stab: Sleeping          |     1 |     3 ||     4
Armor: Skin              |     2 |     7 ||     9
Dodge: Dodged            |    60 |    69 ||   129

Table legend: (Time is in decaauts)
 A = Elapsed time spent in this place.
 B = Non-inter-level travel time spent in this place.
 C = Inter-level travel time spent in this place.
 D = Time resting spent in this place.
 E = Time spent auto-exploring this place.
 F = Levels seen in this place.
 G = Mean time per level.
                   A        B        C        D        E       F      G
               +--------+--------+--------+--------+--------+-----+--------+
         Total |   2318 |   2187 |    131 |    500 |   1040 |   6 |  386.3 |
       Dungeon |   2318 |   2187 |    131 |    500 |   1040 |   6 |  386.3 |
               +--------+--------+--------+--------+--------+-----+--------+

Top non-repeatable levels by time:
     D:2: 851 daAuts
     D:3: 707 daAuts
     D:1: 649 daAuts
     D:6: 62 daAuts
     D:4: 26 daAuts
     D:5: 21 daAuts
